 Dungeon Crawl Stone Soup version 0.19-a0-957-gf4ea323 (webtiles) character file.

3852 mrath the Basher (level 9, 0/79 HPs)
             Began as a Minotaur Fighter on July 10, 2016.
             Was a Priest of Okawaru.
             Killed by nerve-wracking pain
             ... invoked by an orc priest
              (5 damage)
             ... on level 8 of the Dungeon.
             The game lasted 00:29:24 (7718 turns).

mrath the Basher (Minotaur Fighter)                 Turns: 7718, Time: 00:29:25

Health: 0/79       AC: 16    Str: 23    XL:     9   Next: 99%
Magic:  19/19      EV:  7    Int:  5    God:    Okawaru [***...]
Gold:   458        SH: 11    Dex: 11    Spells: 0 memorised, 8 levels left

rFire  . . .     SeeInvis .     a - +0 flail
rCold  . . .     Gourm    .     N - +0 plate armour
rNeg   . . .     Faith    .     c - +0 shield
rPois  .         Spirit   .     (helmet restricted)
rElec  .         Dismiss  .     (no cloak)
rCorr  .         Reflect  .     b - +0 pair of gloves
SustAt +         Harm     .     y - +0 pair of boots (curse)
MR     .....                    J - amulet of rage
Stlth  ..........               I - ring of magical power
                                o - ring of sustain attributes

@: not resistant to hostile enchantments, extremely unstealthy
A: retaliatory headbutt, horns 2
a: Heroism, Renounce Religion, Evoke Berserk Rage


You were on level 8 of the Dungeon.
You worshipped Okawaru.
Okawaru was most pleased with you.
You were not hungry.

You visited 2 branches of the dungeon, and saw 9 of its levels.

You collected 458 gold pieces.

Inventory:

Hand Weapons
 a - a +0 flail (weapon)
Missiles
 i - 105 sling bullets
 m - 41 poisoned needles
 E - 4 tomahawks
 Q - a javelin (quivered)
 U - 6 curare-tipped needles
Armour
 b - a +0 pair of gloves (worn)
 c - a +0 shield (worn)
 y - a cursed +0 pair of boots (worn)
 B - a +0 chain mail
 N - a +0 plate armour (worn)
Magical Staves
 A - an uncursed staff of fire
Jewellery
 o - a ring of sustain attributes (left hand)
 D - an uncursed amulet of magic regeneration
 I - a ring of magical power (right hand)
 J - an amulet of rage (around neck)
 O - an uncursed amulet of faith {unknown}
Wands
 H - a wand of paralysis (3/24)
 R - a wand of flame (28/48)
Scrolls
 e - 2 scrolls of magic mapping {unknown}
 j - 3 scrolls of teleportation {unknown}
 k - a scroll of enchant armour {unknown}
 l - a scroll of identify
 n - 3 scrolls of enchant weapon {unknown}
 s - 3 scrolls of amnesia {unknown}
 x - a scroll of fog {unknown}
 C - 2 scrolls of remove curse {unknown}
 F - a scroll of fear {unknown}
 G - a scroll of noise {unknown}
 L - a scroll of blinking {unknown}
 P - a scroll of random uselessness {unknown}
Potions
 d - 4 potions of might
 g - a potion of flight {unknown}
 p - 2 potions of resistance
 q - 2 potions of brilliance
 t - 2 potions of curing {unknown}
 u - a potion of cancellation {unknown}
 w - 3 potions of lignification {unknown}
 z - a potion of degeneration {unknown}
 S - a potion of heal wounds {unknown}
Books
 T - a book of Necromancy

   Spells                             Type                      Level
   a - Pain                           Necromancy                   1
   b - Animate Skeleton               Necromancy                   1
   c - Vampiric Draining              Necromancy                   3
   d - Regeneration                   Charms/Necromancy            3
   e - Animate Dead                   Necromancy                   4
   f - Control Undead                 Necromancy                   4
Comestibles
 f - 2 bread rations
 r - 4 beef jerkies
 v - 3 meat rations
 K - a royal jelly
 M - a slice of pizza


   Skills:
 + Level 7.5 Fighting
 + Level 8.9 Maces & Flails
 + Level 7.6 Armour
 + Level 5.6 Dodging
 + Level 7.8 Shields
 + Level 3.8 Invocations
 + Level 3.4 Evocations


You had 8 spell levels left.
You didn't know any spells.

Dungeon Overview and Level Annotations

Branches:
Dungeon (8/15)             Temple (1/1) D:4            Lair (0/6) D:8

Altars:
Ashenzari
Cheibriados
Dithmenos
Elyvilon
Fedhas
Hepliaklqana
Makhleb
Okawaru
Pakellas
Ru
Sif Muna
Trog
Vehumet
Xom
Zin
Jiyva

Shops:
D:5 =   D:8 [


Innate Abilities, Weirdness & Mutations

You reflexively headbutt those who attack you in melee.
You have a pair of horns on your head.


Message History

a war axe; a plate armour You hit the orc priest.
Your headbutt misses the orc priest.
The orc priest is lightly wounded.
The orc priest calls down the wrath of Beogh upon you.
Beogh smites you!
* * * LOW HITPOINT WARNING * * *
You closely miss the orc priest.
The orc priest is lightly wounded.
The orc priest suddenly grunts.
The orc priest hits you but does no damage.
You hit the orc priest but do no damage.
The orc priest is lightly wounded.
The orc priest invokes the aid of Beogh against you.
Beogh smites you!
* * * LOW HITPOINT WARNING * * *
You sock the orc priest!
The orc priest is almost dead.
The orc priest mumbles some strange prayers to Beogh against you.
Pain shoots through your body!
You die...

............#
#.....#
..........#.#
#.###.#
.........s..#
#.....#
.........#..#
#..####
###########..###..#
............o#....#
..........._.#.#.##
.♣...........#.#o#
............>o.#@#
............####.#
##### .....)......#
#.#########...#
............#
#.........#.#.#
............#
#########.#...####
............#
#........#
............#
###..###.#
............#
#####..###.#
............#
#..........#


You could see an orc priest.

Vanquished Creatures
  Joseph (D:7)
  The ghost of MordorOrchid the Insei, an amateur DsMo (D:4)
  Prince Ribbit (D:7)
  A water moccasin (D:7)
  2 ice beasts
  2 orc warriors
  2 sky beasts (D:7)
  A black bear (D:6)
  2 phantoms
  5 ogres
  4 centaurs
  A big kobold (D:7)
  5 giant frogs
  A wyvern skeleton (D:6)
  2 scorpions
  2 howler monkeys
  2 crimson imps
  A jelly (D:7)
  4 orc wizards
  2 centaur skeletons
  2 hounds (D:7)
  Terence (D:3)
  An iguana (D:6)
  5 worker ants
  A killer bee zombie (D:5)
  A hound skeleton (D:4)
  3 gnolls (D:3)
  A howler monkey skeleton (D:4)
  17 adders
  3 oozes
  An adder skeleton (D:6)
  4 worms
  3 dart slugs
  3 giant geckos
  24 orcs
  7 bats
  9 giant cockroaches
  4 goblins (D:2)
  4 hobgoblins
  5 jackals
  4 quokkas
  5 giant newts
  A jackal skeleton (D:6)
  7 kobolds
  9 rats
167 creatures vanquished.

Vanquished Creatures (others)
  A deep elf knight (D:4)
1 creature vanquished.

Grand Total: 168 creatures vanquished

Notes
Turn   | Place    | Note
-------+----------+-------------------------------------------
     0 | D:1      | mrath the Minotaur Fighter began the quest for the Orb.
     0 | D:1      | Reached XP level 1. HP: 19/19 MP: 0/0
   226 | D:1      | Reached skill level 3 in Maces & Flails
   295 | D:1      | Reached XP level 2. HP: 26/26 MP: 1/1
   424 | D:2      | Found a sacrificial altar of Ru.
   459 | D:2      | Reached skill level 4 in Maces & Flails
   545 | D:2      | Reached XP level 3. HP: 31/31 MP: 2/2
   737 | D:2      | Reached skill level 5 in Maces & Flails
  1070 | D:2      | Reached XP level 4. HP: 31/39 MP: 3/3
  1706 | D:3      | Reached skill level 6 in Maces & Flails
  1720 | D:3      | Reached XP level 5. HP: 46/46 MP: 4/4
  1966 | D:3      | Reached skill level 1 in Dodging
  1989 | D:3      | Noticed Terence
  2003 | D:3      | Killed Terence
  2404 | D:3      | Reached XP level 6. HP: 43/52 MP: 5/5
  2511 | D:4      | Noticed MordorOrchid's ghost (amateur DsMo)
  2698 | D:4      | Found a deep blue altar of Sif Muna.
  2724 | D:4      | Killed MordorOrchid's ghost
  2724 | D:4      | Reached skill level 5 in Armour
  2724 | D:4      | Reached XP level 7. HP: 42/60 MP: 6/6
  2824 | D:4      | Found an oddly glowing altar of Pakellas.
  2825 | D:4      | Noticed a deep elf knight
  2828 | D:4      | Killed a deep elf knight
  2857 | D:4      | Found a staircase to the Ecumenical Temple.
  2863 | D:4      | Reached skill level 5 in Shields
  2871 | D:4      | Reached skill level 7 in Maces & Flails
  2960 | D:4      | Reached skill level 5 in Fighting
  3109 | Temple   | Entered the Ecumenical Temple
  3123 | Temple   | Became a worshipper of Warmaster Okawaru
  3512 | D:5      | Entered Level 5 of the Dungeon
  3537 | D:5      | Found Korr's Jewellery Shoppe.
  3802 | D:5      | Reached XP level 8. HP: 69/69 MP: 7/7
  3870 | D:5      | Reached * piety under Okawaru
  4222 | D:6      | Reached skill level 1 in Invocations
  4486 | D:6      | Reached skill level 1 in Evocations
  5217 | D:6      | Found a hazy altar of Hepliaklqana.
  5336 | D:6      | Reached ** piety under Okawaru
  5336 | D:6      | Reached skill level 8 in Maces & Flails
  5551 | D:7      | Reached XP level 9. HP: 77/78 MP: 9/9
  5954 | D:7      | Noticed Prince Ribbit
  6382 | D:7      | Reached skill level 5 in Dodging
  6680 | D:7      | Killed Prince Ribbit
  6680 | D:7      | Reached *** piety under Okawaru
  6778 | D:7      | Noticed Joseph
  6819 | D:7      | Killed Joseph
  6886 | D:7      | Found a shattered altar of Ashenzari.
  6886 | D:7      | Found a burning altar of Makhleb.
  6889 | D:7      | Found a blossoming altar of Fedhas.
  7424 | D:8      | Found an oddly glowing altar of Pakellas.
  7440 | D:8      | Found Xiess's Armour Emporium.
  7488 | D:8      | Found a shadowy altar of Dithmenos.
  7511 | D:8      | Found a staircase to the Lair.
  7605 | D:8      | Found a radiant altar of Vehumet.
  7718 | D:8      | Killed from afar by an orc priest

Vault maps used:
D:1:      dpeg_arrival_shelter
D:2:      nicolae_ru_sacrificial_ziggurat
D:3:      first_bread, uniq_terence
D:4:      kennysheep_mini_moat, gammafunk_pakellas_spire_experiment
D:5:      serial_shops, shop, dk_noncrumbling_3, grunt_decor_one_mirror
D:6:      marbit_many_paths
D:7:      gammafunk_temple_overflow_forgotten, uniq_joseph, uniq_prince_ribbit1
D:8:      nicolae_dithmenos_shadow_blocks, overflow_temple_1_default,
          vehumet_crystals, lair_0_dummy, serial_shops, nicolae_shop_trees
Temple:   pf_slimified_temple

Skill      XL: |  1  2  3  4  5  6  7  8  9 |
---------------+----------------------------+-----
Maces & Flails | 3 4 5 6 7 8 |  8.9
Dodging        | 1 2 3 4 5 |  5.6
Fighting       | 4 5 6 7 |  7.5
Armour         | 4 5 6 7 |  7.6
Shields        | 4 5 6 7 |  7.8
Invocations    | 2 3 |  3.8
Evocations     | 2 3 |  3.4

Action                   |  1- 3 |  4- 6 |  7- 9 || total
-------------------------+-------+-------+-------++-------
Melee: Flail             |    59 |   151 |   409 ||   619
       Headbutt          |    10 |    20 |    73 ||   103
Throw: Javelin           |       |     3 |     2 ||     5
       Tomahawk          |       |       |     2 ||     2
Invok: Heroism           |       |       |     3 ||     3
  Use: Potion            |       |     1 |       ||     1
       Scroll            |       |       |     4 ||     4
  Eat: Chunk             |     1 |     5 |    16 ||    22
Armor: Scale mail        |    14 |    51 |    17 ||    82
       Chain mail        |       |       |   109 ||   109
       Plate armour      |       |       |    38 ||    38
Dodge: Dodged            |    21 |    44 |    95 ||   160
Block: Shield            |    37 |    65 |   206 ||   308
